 Dungeon Crawl Stone Soup version v1.0-4-gf91daec (webtiles) character file.

10646 Chic the Bludgeoner (level 11, 0/82 HPs)
             Began as a Minotaur Fighter on Feb 19, 2018.
             Was a High Priest of Okawaru.
             Slain by a porcupine (4 damage)
             ... on level 1 of the Lair of Beasts.
             The game lasted 00:27:34 (11246 turns).

Chic the Bludgeoner (Minotaur Fighter)             Turns: 11246, Time: 00:27:35

Health: 0/82       AC: 11    Str: 26 (27) XL:     11   Next: 38%
Magic:  10/10      EV:  6    Int:  5      God:    Okawaru [*****.]
Gold:   605        SH:  9    Dex:  8      Spells: 10/10 levels left

rFire    . . .     SeeInvis .   t - +0 morningstar
rCold    . . .     Gourm    .   c - +0 shield
rNeg     . . .     Faith    .   N - +0 chain mail
rPois    +         Spirit   .   (helmet restricted)
rElec    .         Reflect  .   (no cloak)
rCorr    .         Harm     .   I - +0 pair of gloves
MR       +....                  a - +0 pair of boots
Stlth    ..........             (no amulet)
HPRegen  0.23/turn              h - ring of flight
MPRegen  0.12/turn              q - +3 ring of strength

@: no status effects
A: retaliatory headbutt, horns 2, blurry vision 1, clumsy 1, deterioration 1,
magic resistance 1, poison resistance
a: Heroism, Finesse, Renounce Religion, Evoke Flight


You were on level 1 of the Lair of Beasts.
You worshipped Okawaru.
Okawaru was extremely pleased with you.
You were not hungry.

You visited 2 branches of the dungeon, and saw 13 of its levels.
You also visited: Ossuary.

You collected 643 gold pieces.
You spent 38 gold pieces at shops.

Inventory:

Hand Weapons
 t - a +0 morningstar (weapon)
 x - the +7 Singing Sword
   (You found it on level 5 of the Dungeon)
 J - the +4 whip of the Harvest {speed, SInv, unknown}
   (You found it on level 7 of the Dungeon)

   Attacks with this weapon are significantly faster.
   It lets you see invisible.
 K - the +5 whip of Excruciating Pain {elec, *Corrode Dex+5, unknown}
   (You found it on level 7 of the Dungeon)

   Occasionally, upon striking a foe, it will discharge some electrical energy
   and cause terrible harm.
   It affects your dexterity (+5).
   It may corrode you when you take damage.
 O - the +8 flail of Plunder {vamp, +Rage rElec Str+3, unknown}
   (You found it on level 9 of the Dungeon)

   It inflicts no extra harm, but heals its wielder when it wounds a living foe.
   It affects your strength (+3).
   It insulates you from electricity.
   It lets you go berserk.
Missiles
 H - 11 tomahawks (quivered)
Armour
 a - a +0 pair of boots (worn)
 b - the +3 hat of Pondering {ponderous, MR+ MP+10 Int+5}
   (You took it off Gastronok on level 8 of the Dungeon)

   It affects your intelligence (+5).
   It affects your resistance to hostile enchantments.
   It affects your magic capacity (+10).
 c - a +0 shield (worn)
 I - a +0 pair of gloves (worn)
 N - a +0 chain mail (worn)
 W - a +0 plate armour
 X - the +1 animal skin of Unkach {rElec MR- Dex+4 Slay+6, unknown}
   (Okawaru gifted it to you on level 10 of the Dungeon)

   It affects your dexterity (+4).
   It affects your accuracy and damage with ranged weapons and melee attacks
   (+6).
   It insulates you from electricity.
   It affects your resistance to hostile enchantments.
Jewellery
 h - a ring of flight (left hand)
 q - a +3 ring of strength (right hand)
 s - an uncursed amulet of magic regeneration {unknown}
 M - an uncursed ring of protection from cold {unknown}
Wands
 o - a wand of iceblast (9)
 v - a wand of flame (42)
 w - a wand of hasting (8)
 y - a wand of digging (9)
 z - a wand of random effects (29)
 P - a wand of acid (3)
 V - a wand of enslavement (10)
Scrolls
 g - 6 scrolls of teleportation {unknown}
 i - 2 scrolls of noise {unknown}
 j - 24 scrolls of identify {unknown}
 k - 5 scrolls of magic mapping
 l - 3 scrolls of enchant armour {unknown}
 u - a scroll of recharging {unknown}
 B - 12 scrolls of remove curse {unknown}
 C - 2 scrolls of amnesia {unknown}
 E - 3 scrolls of fog {unknown}
 F - 2 scrolls of blinking {unknown}
 Z - a scroll of torment {unknown}
Potions
 d - 2 potions of might
 e - 2 potions of lignification
 m - 2 potions of curing
 n - a potion of ambrosia
 p - 5 potions of agility
 r - a potion of restore abilities
 D - 2 potions of cancellation
 G - a potion of degeneration {unknown}
 L - a potion of berserk rage {unknown}
 R - a potion of mutation
 S - a potion of invisibility {unknown}
 T - a potion of brilliance {unknown}
 U - a potion of magic {unknown}
Books
 A - Sif Muna's Reference Book on Dislocation
   (You found it on level 6 of the Dungeon)

   Spells                             Type                      Level
   a - Apportation                    Translocation                1
 Q - a book of Clouds

   Spells                             Type                      Level
   a - Poisonous Vapours              Poison/Air                   2
   b - Mephitic Cloud                 Conjuration/Poison/Air       3
   c - Conjure Flame                  Conjuration/Fire             3
   d - Poisonous Cloud                Conjuration/Poison/Air       5
   e - Freezing Cloud                 Conjuration/Ice/Air          6
   f - Ring of Flames                 Charms/Fire                  7
Comestibles
 f - 20 rations
 Y - 5 chunks of flesh


   Skills:
 - Level 3.6 Fighting
 + Level 19.5 Maces & Flails
 - Level 3.6 Armour
 - Level 3.6 Shields


You had 10 spell levels left.
You didn't know any spells.

Dungeon Overview and Level Annotations

Branches:
Dungeon (12/15)            Temple (0/1) D:6            Lair (1/6) D:8
    Orc: D:9-12

Altars:
Ashenzari
Cheibriados
Gozag
Hepliaklqana
Jiyva
Kikubaaqudgha
Makhleb
Nemelex Xobeh
Okawaru
Qazlal
Sif Muna
Vehumet
Wu Jian
Xom
Zin
The Shining One

Shops:
D:4 *   D:8 (   D:9 *


Innate Abilities, Weirdness & Mutations

You reflexively headbutt those who attack you in melee.
You have a pair of horns on your head.
Scrolls take you a little longer to read.
You are clumsy. (Dex -2)
Your body sometimes deteriorates upon taking damage.
You are resistant to hostile enchantments. (MR+)
Your system is resistant to poisons. (rPois)


Message History

The crocodile is severely wounded.
The porcupine shrimp closely misses you.
You furiously retaliate!
You headbutt the porcupine shrimp. The crocodile closely misses you.
The yak gores you but does no dacastercrab.
Your shield and chain mail prevent you from hitting the crocodile.
Your headbutt misses the crocodile.
The crocodile is severely wounded.
The porcupine shrimp bites you but does no dacastercrab.
The yak gores you.
* * * CRAB GONE DIE * * *
The crocodile bites you!
* * * CRAB GONE DIE * * *
The yak gores you!
* * * CRAB GONE DIE * * *
You block the yak's attack.
Okay, then.
Really read with blurry vision while enemies are nearby?
The porcupine shrimp bites you.
Your journey is over little crab

### ###.###
#tY.#.###
#@YY#...##
#Yr......#
##Y.......#
##.........#
#..........#
#..........#
...t.............#
...Y.Y###.........#
.....# #.....##.#.


You could see 5 yaks, a crocodile and a porcupine.

Vanquished Creatures
  Gastronok (D:8)
  Erica (D:9)
  A centaur warrior (D:10)
  An ugly thing (D:11)
  A kobold demonologist (D:11)
  A troll (D:10)
  Prince Ribbit (D:9)
  Sigmund (D:6)
  A wraith (D:9)
  8 yaks
  The ghost of plsesad the Shield-Bearer, an amateur MiFi (D:3)
  A wyvern (D:10)
  The ghost of WereVolvo the Sneak, an amateur SpEn (D:4)
  A hungry ghost (D:10)
  Duvessa (D:6)
  A sky beast (D:9)
  2 orc warriors (D:10)
  A black bear (D:6)
  3 ice beasts
  4 ogres
  3 centaurs (D:8)
  A crocodile (D:10)
  3 big kobolds
  An elf zombie (Ossuary)
  A gnoll sergeant (D:10)
  An elf skeleton (D:6)
  2 bullfrogs
  Dowan (D:6)
  11 killer bees (D:9)
  2 scorpions (D:10)
  10 wights
  4 crimson imps
  3 centaur zombies (Ossuary)
  5 human zombies
  5 hounds
  3 centaur skeletons
  A gnoll shaman (D:5)
  2 bullfrog skeletons
  A human skeleton (D:6)
  A jelly (D:6)
  An iguana (D:5)
  7 orc wizards
  4 worker ants
  2 big kobold zombies (Ossuary)
  2 hound zombies
  A hound skeleton (D:5)
  3 mummies (Ossuary)
  19 gnolls
  A howler monkey skeleton (D:7)
  17 adders
  10 adder zombies
  4 worms
  3 dart slugs
  6 leopard geckos
  19 orcs
  3 bats
  A giant cockroach (D:4)
  9 goblins
  6 hobgoblins
  9 jackals
  3 quokkas
  3 ball pythons
  5 frilled lizards
  A giant cockroach zombie (D:5)
  A gnoll zombie (Ossuary)
  3 goblin zombies (Ossuary)
  4 hobgoblin zombies (Ossuary)
  2 jackal zombies (Ossuary)
  23 kobolds
  3 kobold zombies (Ossuary)
  3 orc skeletons (D:6)
  An orc zombie (Ossuary)
  2 quokka zombies (Ossuary)
  11 rats
  2 rat zombies (Ossuary)
288 creatures vanquished.

Vanquished Creatures (others)
  A human (D:3)
  An orc wizard (D:6)
  A plant (D:4)
3 creatures vanquished.

Grand Total: 291 creatures vanquished

Notes
Turn   | Place    | Note
-------+----------+-------------------------------------------
     0 | D:1      | Chic the Minotaur Fighter began the quest for the Orb.
     0 | D:1      | Reached XP level 1. HP: 19/19 MP: 0/0
    45 | D:1      | Reached skill level 3 in Maces & Flails
   113 | D:1      | Reached XP level 2. HP: 24/26 MP: 1/1
   381 | D:1      | Reached skill level 4 in Maces & Flails
   444 | D:1      | Reached XP level 3. HP: 26/31 MP: 2/2
  1058 | D:2      | Reached skill level 5 in Maces & Flails
  1349 | D:3      | Reached XP level 4. HP: 23/39 MP: 3/3
  1685 | D:3      | Noticed plsesad's ghost (amateur MiFi)
  1697 | D:3      | HP: 1/39 [plsesad's ghost (6)]
  1698 | D:3      | Killed plsesad's ghost
  1698 | D:3      | Reached skill level 7 in Maces & Flails
  1698 | D:3      | Reached XP level 5. HP: 2/45 MP: 4/4
  2070 | D:3      | Found an ancient bone altar of Kikubaaqudgha.
  2087 | D:3      | Noticed a human
  2088 | D:3      | Killed a human
  2236 | D:3      | Reached XP level 6. HP: 44/51 MP: 5/5
  2312 | D:3      | Found an opulent altar of Gozag.
  2435 | D:4      | Noticed WereVolvo's ghost (amateur SpEn)
  2459 | D:4      | Killed WereVolvo's ghost
  2459 | D:4      | Reached skill level 8 in Maces & Flails
  2594 | D:4      | Reached skill level 9 in Maces & Flails
  2749 | D:4      | Reached XP level 7. HP: 50/57 MP: 6/6
  2874 | D:4      | Reached skill level 10 in Maces & Flails
  3046 | D:4      | Found Giunytax's Serpentskin Sales.
  3261 | D:4      | Found a radiant altar of Vehumet.
  3367 | D:4      | Found a burning altar of Makhleb.
  3403 | D:4      | Found a sparkling altar of Nemelex Xobeh.
  3566 | D:5      | Entered Level 5 of the Dungeon
  3760 | D:5      | Found a viscous altar of Jiyva.
  3817 | D:5      | Reached skill level 11 in Maces & Flails
  3970 | D:5      | Reached XP level 8. HP: 58/64 MP: 7/7
  4153 | D:5      | Found the +7 Singing Sword
  4182 | D:5      | Found an iron altar of Okawaru.
  4190 | D:5      | Became a worshipper of Warmaster Okawaru
  4528 | D:6      | Found a glowing golden altar of the Shining One.
  4530 | D:6      | Found an ornate altar of the Wu Jian Council.
  4530 | D:6      | Noticed Sigmund
  4549 | D:6      | Killed Sigmund
  4549 | D:6      | Reached skill level 12 in Maces & Flails
  4556 | D:6      | Reached * piety under Okawaru
  4678 | D:6      | Found a sand-covered staircase.
  4685 | Ossuary  | Entered an ossuary
  4862 | Ossuary  | Reached skill level 13 in Maces & Flails
  5079 | D:6      | Found a snail-covered altar of Cheibriados.
  5103 | D:6      | Reached XP level 9. HP: 59/70 MP: 8/8
  5143 | D:6      | Noticed an angel
  5143 | D:6      | Found a shimmering altar of Xom.
  5149 | D:6      | Found a glowing silver altar of Zin.
  5249 | D:6      | Found a deep blue altar of Sif Muna.
  5289 | D:6      | Gained mutation: Your system is resistant to poisons. (rPois) [potion of mutation]
  5289 | D:6      | Gained mutation: You are resistant to hostile enchantments. (MR+) [potion of mutation]
  5351 | D:6      | Reached ** piety under Okawaru
  5393 | D:6      | Found a stormy altar of Qazlal.
  5466 | D:6      | Found a staircase to the Ecumenical Temple.
  5466 | D:6      | Noticed Duvessa
  5466 | D:6      | Noticed Dowan
  5478 | D:6      | Killed Duvessa
  5478 | D:6      | Reached skill level 14 in Maces & Flails
  5504 | D:6      | Killed Dowan
  5681 | D:6      | Identified Sif Muna's Reference Book on Dislocation
  5988 | D:7      | Got a translucent whip
  6044 | D:7      | Found a shattered altar of Ashenzari.
  6331 | D:7      | Got a polished whip
  6653 | D:8      | Found a staircase to the Lair.
  6836 | D:8      | Reached skill level 15 in Maces & Flails
  6865 | D:8      | Reached *** piety under Okawaru
  6879 | D:8      | Noticed Gastronok
  6895 | D:8      | Killed Gastronok
  6895 | D:8      | Reached **** piety under Okawaru
  6895 | D:8      | Reached skill level 16 in Maces & Flails
  6895 | D:8      | Reached XP level 10. HP: 13/77 MP: 9/9
  7174 | D:8      | Found Geoptiurch's Antique Weapon Boutique.
  7844 | D:9      | Found a hazy altar of Hepliaklqana.
  7975 | D:9      | Found Boamibb's General Store.
  7978 | D:9      | Bought a scroll of magic mapping for 38 gold pieces
  8002 | D:9      | Noticed Erica
  8040 | D:9      | HP: 1/77 [Erica/scimitar of flaming (5)]
  8042 | D:9      | Killed Erica
  8042 | D:9      | Reached ***** piety under Okawaru
  8042 | D:9      | Reached skill level 17 in Maces & Flails
  8489 | D:9      | Noticed Prince Ribbit
  8502 | D:9      | Killed Prince Ribbit
  8534 | D:9      | Got a twisted flail
  8775 | D:9      | Reached skill level 18 in Maces & Flails
  9509 | D:10     | Entered Level 10 of the Dungeon
  9718 | D:10     | Reached XP level 11. HP: 71/82 MP: 10/10
  9942 | D:10     | Received a gift from Okawaru
  9961 | D:10     | Got a smelly animal skin {god gift}
 10436 | D:10     | Noticed a centaur warrior
 10445 | D:10     | Killed a centaur warrior
 10445 | D:10     | Reached skill level 19 in Maces & Flails
 10694 | D:11     | Noticed a white ugly thing
 10709 | D:11     | Killed a white ugly thing
 10895 | D:11     | Gained mutation: Your body sometimes deteriorates upon taking damage. [mutagenic meat]
 10896 | D:11     | Gained mutation: Scrolls take you a little longer to read. [mutagenic meat]
 10897 | D:11     | Gained mutation: You are clumsy. (Dex -2) [mutagenic meat]
 10991 | Lair:1   | Entered Level 1 of the Lair of Beasts
 11245 | Lair:1   | HP: 4/82 [yak (9)]
 11246 | Lair:1   | Slain by a porcupine

Skill      XL: |  1  2  3  4  5  6  7  8  9 10 11 |
---------------+----------------------------------+-----
Maces & Flails | 3 4 5 7 9 11 13 16 18 19 | 19.5
Fighting       | |  3.6
Armour         | |  3.6
Shields        | |  3.6

Action                   |  1- 3 |  4- 6 |  7- 9 | 10-12 || total
-------------------------+-------+-------+-------+-------++-------
Melee: Flail             |    95 |    56 |       |       ||   151
       Headbutt          |    14 |    12 |    80 |    68 ||   174
       Morningstar       |       |    37 |   422 |   353 ||   812
Throw: Tomahawk          |       |       |     6 |       ||     6
 Abil: Stop Flying       |       |       |     1 |       ||     1
       Evoke Flight      |       |       |     1 |       ||     1
  Use: Potion            |       |       |     8 |     4 ||    12
  Eat: Chunk             |     1 |     5 |    13 |    15 ||    34
       Ration            |       |       |       |     2 ||     2
Armor: Scale mail        |    37 |    36 |   121 |       ||   194
       Chain mail        |       |       |    25 |   167 ||   192
Dodge: Dodged            |    24 |    36 |    97 |    80 ||   237
Block: Shield            |    39 |    52 |   166 |   204 ||   461
